 Dungeon Crawl Stone Soup version 0.31-a0-968-g24f9ace8b5 (webtiles) character file.

Game seed: 10763922459514921838

8702496 RepoMan the Middleweight Champion (level 27, 367/367 HPs)
             Began as a Demigod Fighter on Oct 26, 2023.
             Escaped with the Orb
             ... and 10 runes on Oct 27, 2023!
             The game lasted 08:17:09 (83609 turns).

RepoMan the Middleweight Champion (DgFi)           Turns: 83609, Time: 08:17:09

Health: 367/367    AC: 20    Str: 70    XL:     27
Magic:  25/40      EV: 15    Int: 13    God:
Gold:   10088      SH:  5    Dex: 12    Spells: 29/41 levels left

rFire   + +          +
                       - Unarmed
rCold   + . .        W - melded +6 tower shield {rC+}
rNeg    . . .        Y - melded +11 chain mail of Jaaxuru {Drain rElec Dex+6}
rPois   +            (helmet currently unavailable)
rElec   +            s - melded +0 cloak "Rejokh" {Str+4}
rCorr   +            m - melded +4 pair of gloves of Sukhet {rPois Regen+ Str+4}
SInv    +            H - melded +2 pair of boots "Migehue" {rCorr}
Will    ++...        g - amulet of Munerask {Reflect Drain rElec rPois SH+5 SInv}
Stlth   +            v - ring "Hepta" {AC+4 Str+4 Dex+3}
HPRegen 0.81/turn    n - ring of protection from cold
MPRegen 0.27/turn

%: reflection, clarity
@: mighty, dragon-form, resistant, flying, studying 3 skills
A: dragon claw, dragon scales, breathe fire, flying, boosted hp, giant, high MP
1, forlorn, divine attributes, (iridescent scales 2), clarity, clever 1, clumsy
1, (deformed body), frail 1, screaming 1, strong 1, (heat vulnerability 1)
0: Orb of Zot
}: 10/15 runes: barnacled, slimy, silver, abyssal, demonic, glowing, magical,
fiery, dark, gossamer
a: Breathe Fire, Begin Untransformation


You escaped.
You were a fearsome dragon!
You visited 12 branches of the dungeon, and saw 56 of its levels.
You visited Pandemonium 2 times, and saw 20 of its levels.
You visited the Abyss 3 times.
You visited 1 ziggurat, and saw 2 of its levels.
You also visited: Trove, Sewer, Bailey and Wizlab.

You collected 13373 gold pieces.
You spent 3285 gold pieces at shops.

Inventory:

Missiles
 R - 10 curare-tipped darts
 U - 4 throwing nets
Armour
 m - the +4 pair of gloves of Sukhet (melded) {rPois Regen+ Str+4}
   (You found it on level 1 of the Vaults)

   Str+4:     It affects your strength (+4).
   rPois:     It protects you from poison Regen+: It increases your rate of
   health regeneration.
 s - the +0 cloak "Rejokh" (melded) {Str+4}
   (You found it on level 5 of the Pits of Slime)

   Str+4:     It affects your strength (+4).
 w - a +2 helmet
 H - the +2 pair of boots "Migehue" (melded) {rCorr}
   (You found it on level 5 of the Pits of Slime)

   rCorr:     It protects you from acid and corrosion.
 I - a +2 buckler of cold resistance
 W - a +6 tower shield of cold resistance (melded)
 Y - the +11 chain mail of Jaaxuru (melded) {Drain rElec Dex+6}
   (You found it on level 12 of the Dungeon)

   Dex+6:     It affects your dexterity (+6).
   rElec:     It insulates you from electricity.
   Drain:     It drains your maximum health when unequipped.
Jewellery
 g - the amulet of Munerask (around neck) {Reflect Drain rElec rPois SH+5 SInv}
   (You found it on level 4 of the Realm of Zot)

   [amulet of reflection]

   Reflect:   It reflects blocked missile attacks.
   rElec:     It insulates you from electricity.
   rPois:     It protects you from poison SInv: It lets you see invisible.
   Drain:     It drains your maximum health when unequipped.
   SH+5:      It affects your SH (+5).
 n - a ring of protection from cold (right foreclaw)
 v - the ring "Hepta" (left foreclaw) {AC+4 Str+4 Dex+3}
   (You found it on level 3 of the Elven Halls)

   [ring of protection]

   AC+4:      It affects your AC (+4).
   Str+4:     It affects your strength (+4).
   Dex+3:     It affects your dexterity (+3).
 x - an amulet of regeneration
 A - the ring of Hupir {Will+ EV+5}
   (You found it in a treasure trove)

   [ring of evasion]

   EV+5:      It affects your evasion (+5).
   Will+:     It increases your willpower.
 B - the ring of the Changing Jester {rPois rF+ AC+4 Dex-4}
   (You acquired it on level 3 of the Elven Halls)

   [ring of protection]

   AC+4:      It affects your AC (+4).
   Dex-4:     It affects your dexterity (-4).
   rF+:       It protects you from fire.
   rPois:     It protects you from poison
 E - a ring of see invisible
 X - the ring "Ginluq" {rF+ Will+}
   (You found it on level 3 of the Realm of Zot)

   [ring of willpower]

   rF+:       It protects you from fire.
   Will+:     It increases your willpower.
Talismans
 J - a granite talisman
 P - a dragon-blood talisman (active)
Wands
 b - a wand of light (30)
 d - a wand of mindburst (32)
 e - a wand of charming (57)
 q - a wand of iceblast (53)
 S - a wand of flame (66)
Scrolls
 i - 24 scrolls of teleportation
 o - 11 scrolls of revelation
 D - 6 scrolls of poison
 G - 8 scrolls of fog
 K - 8 scrolls of immolation
 N - 13 scrolls of vulnerability
 Q - 5 scrolls of silence
 Z - 5 scrolls of fear
Potions
 a - 5 potions of ambrosia
 c - 11 potions of cancellation
 k - 7 potions of magic
 u - 18 potions of curing
 z - 7 potions of enlightenment
 L - 5 potions of invisibility
Miscellaneous
 p - a phantom mirror (inert)
 F - a sack of spiders
 O - a lightning rod (4/4)
 V - a tin of tremorstones (2/2)


   Skills:
 O Level 27 Fighting
 - Level 13.3 Armour
 - Level 20.4 Dodging
 - Level 5.9 Shields
 O Level 27 Unarmed Combat
 - Level 7.7 Spellcasting
 - Level 12.7 Translocations
 - Level 7.7 Air Magic
 - Level 13.3 Evocations
 + Level 22.7 Shapeshifting


You had 29 spell levels left.
You knew the following spells:

 Your Spells              Type           Power      Damage    Failure   Level
a - Manifold Assault      Tloc           38%        N/A       1%          4
b - Blink                 Tloc           76%        N/A       1%          2
l - Lesser Beckoning      Tloc           76%        N/A       1%          2
v - Vhi's Electric Charg  Tloc/Air       62%        N/A       2%          4

Your spell library contained the following spells:

 Spells                   Type           Power      Damage    Failure   Level
 Momentum Strike          Conj/Tloc      42%        3d9       1%          2
 Gell's Gravitas          Tloc           38%        N/A       1%          3
 Swiftness                Air            25%        N/A       1%          3
 Teleport Other           Tloc           38%        N/A       1%          3
 Passage of Golubria      Tloc           38%        N/A       1%          4
 Shock                    Conj/Air       60%        1d6       3%          1
 Volatile Blastmotes      Fire/Tloc      42%        2d13      3%          3
 Poisonous Vapours        Pois/Air       30%        N/A       4%          2
 Static Discharge         Conj/Air       30%        3-5/arc   4%          2
 Airstrike                Air            12%        2d(2-18)  6%          4
 Cigotuvi's Dreadful Rot  Necr/Pois/Air  22%        N/A       8%          2
 Dimensional Bullseye     Hex/Tloc       10%        N/A       11%         4
 Iskenderun's Mystic Bla  Conj/Tloc      21%        2d6       11%         4
 Foxfire                  Conj/Fire      20%        2x1d5     14%         1
 Kiss of Death            Conj/Necr      20%        2d7       14%         1
 Magic Dart               Conj           20%        1d4       14%         1
 Sandblast                Erth           10%        2d5       14%         1
 Slow                     Hex            20%        N/A       14%         1
 Sting                    Tmut/Pois      20%        1d4       14%         1
 Summon Small Mammal      Summ           20%        N/A       14%         1
 Mephitic Cloud           Conj/Pois/Air  11%        N/A       16%         3
 Ensorcelled Hibernation  Hex/Ice        10%        N/A       22%         2
 Jinxbite                 Hex            10%        N/A       22%         2
 Passwall                 Tmut/Erth      4%         N/A       22%         2
 Scorch                   Fire           10%        2d5       22%         2
 Searing Ray              Conj           10%        2d4       22%         2
 Wereblood                Tmut           5%         N/A       22%         2
 Summon Forest            Summ/Tloc      10%        N/A       28%         5
 Call Canine Familiar     Summ           5%         N/A       38%         3
 Confusing Touch          Hex            5%         N/A       38%         3
 Dazzling Flash           Conj/Hex       10%        N/A       38%         3
 Hailstorm                Conj/Ice       5%         3d4       38%         3
 Ignite Poison            Fire/Tmut/Pois 5%         N/A       38%         3
 Inner Flame              Hex/Fire       5%         N/A       38%         3
 Ozocubu's Armour         Ice            5%         N/A       38%         3
 Sigil of Binding         Hex            5%         N/A       38%         3
 Stone Arrow              Conj/Erth      10%        3d7       38%         3
 Summon Guardian Golem    Hex/Summ       5%         N/A       38%         3
 Tukima's Dance           Hex            5%         N/A       38%         3
 Vampiric Draining        Necr           5%         2d6       38%         3
 Arcjolt                  Conj/Air       7%         1d17      63%         5
 Silence                  Hex/Air        7%         N/A       63%         5
 Anguish                  Hex/Necr       2%         N/A       80%         4
 Animate Armour           Summ/Erth      10%        N/A       80%         4
 Animate Dead             Necr           5%         N/A       80%         4
 Brom's Barrelling Bould  Conj/Erth      5%         2d3       80%         4
 Cause Fear               Hex            2%         N/A       80%         4
 Dispel Undead            Necr           5%         3d7       80%         4
 Flame Wave               Conj/Fire      5%         2d5       80%         4
 Fulminant Prism          Conj/Hex       2%         3d5       80%         4
 Leda's Liquefaction      Hex/Erth       2%         N/A       80%         4
 Olgreb's Toxic Radiance  Pois           5%         N/A       80%         4
 Petrify                  Tmut/Erth      5%         N/A       80%         4
 Sticky Flame             Conj/Fire      5%         2d3       80%         4
 Summon Ice Beast         Ice/Summ       5%         N/A       80%         4
 Freezing Cloud           Conj/Ice/Air   5%         6-21      80%         5
 Agony                    Necr           5%         N/A       98%         5
 Alistair's Intoxication  Tmut/Pois      3%         N/A       98%         5
 Borgnjor's Vile Clutch   Necr/Erth      2%         N/A       98%         5
 Fireball                 Conj/Fire      2%         3d4       98%         5
 Irradiate                Conj/Tmut      2%         3d12      98%         5
 Iskenderun's Battlesphe  Conj           5%         2d6       98%         5
 Metabolic Englaciation   Hex/Ice        2%         N/A       98%         5
 Summon Mana Viper        Hex/Summ       5%         N/A       98%         5
 Yara's Violent Unravell  Hex/Tmut       2%         3d3       98%         5
 Conjure Ball Lightning   Conj/Air       7%         3x3d6     99%         6
 Plasma Beam              Fire/Air       7%         2x1d18    99%         6
 Disjunction              Tloc           19%        N/A       99%         8
 Death Channel            Necr           2%         N/A       100%        6
 Eringya's Noxious Bog    Tmut/Pois      2%         4d6       100%        6
 Simulacrum               Ice/Necr       2%         N/A       100%        6
 Starburst                Conj/Fire      2%         6d3       100%        6
 Summon Cactus Giant      Summ           2%         N/A       100%        6
 Haunt                    Necr/Summ      2%         N/A       100%        7
 Malign Gateway           Summ/Tloc      10%        N/A       100%        7
 Monstrous Menagerie      Summ           2%         N/A       100%        7
 Orb of Destruction       Conj           2%         9d5       100%        7
 Ozocubu's Refrigeration  Ice            2%         4d8       100%        7
 Spellforged Servitor     Conj/Summ      2%         N/A       100%        7
 Summon Hydra             Summ           2%         N/A       100%        7
 Discord                  Hex            2%         N/A       100%        8
 Ignition                 Fire           2%         3d3       100%        8
 Infestation              Necr           2%         N/A       100%        8
 Lehudib's Crystal Spear  Conj/Erth      2%         10d2      100%        8
 Maxwell's Capacitive Co  Air            12%        ∞         100%        8
 Summon Horrible Things   Summ           2%         N/A       100%        8
 Chain Lightning          Conj/Air       7%         3d10      100%        9
 Fire Storm               Conj/Fire      2%         8d1       100%        9
 Polar Vortex             Ice            2%         N/A       100%        9
 Shatter                  Erth           2%         3d6*      100%        9


Dungeon Overview and Level Annotations

Branches:
Dungeon (15/15)            Temple (1/1) D:4            Lair (5/5) D:10
 Shoals (4/4) Lair:2       Spider (4/4) Lair:3        Slime (5/5) Lair:5
    Orc (2/2) D:10            Elf (3/3) Orc:2        Vaults (5/5) D:14
  Crypt (3/3) Vaults:3       Tomb (0/3) Crypt:3      Depths (4/4) D:15
    Zot (5/5) Depths:4      Sewer (visited)          Bailey (visited)
 WizLab (visited)

Shops:
D:6 *   D:10 (   D:12 *   D:14 ?   Orc:2 *[(:   Elf:3 [   Shoals:1 *
Shoals:2 (   Vaults:2 !   Vaults:3 ?

Portals:
Hell: Depths:1 Depths:2 Depths:3 Depths:4
Abyss: Depths:2 Depths:3
Pandemonium: Depths:1 Depths:2

Annotations:
Lair:2 1 runed translucent door, 2 transporters, niknal's ghost, journeyman TeWr
Lair:5 1 runed translucent door, exclusions: ice dragon and oklob plant
Orc:2 1 runed translucent door, Bnni's ghost, journeyman HOMo
Elf:2 3 runed translucent doors
Zot:4 2 transporters, exclusion: 4 orange crystal statues, Anuegiwi's ghost, veteran AtFi


Innate Abilities, Weirdness & Mutations

You are a fearsome dragon!
You have a powerful clawing attack.
Your giant scaled body is strong and resilient, but less evasive.
You can breathe fire.
You are flying.
Your maximum health is greatly increased.
Your armour is entirely melded.
You are incapable of wielding weapons or throwing items.
You have an increased reservoir of magic. (+10% MP)
You shall have no god before yourself.
Your divine heritage dramatically boosts your attributes as you level up.
((You are mostly covered in iridescent scales. (AC +4)))
You possess an exceptional clarity of mind.
Your mind is acute. (Int +4, Str/Dex -1)
You are clumsy. (Dex -2)
((Armour fits poorly on your strangely shaped body.))
You are frail. (-10% HP)
You occasionally shout uncontrollably at your foes.
Your muscles are strong. (Str +4, Int/Dex -1)
((You are vulnerable to heat. (rF-)))


Message History

Space momentarily warps into an impossible shape!
You maul Gipniz!!!!
Casting: Manifold Assault (mildly dangerous; 1% risk of failure)
Confirm with . or Enter, or press ? or * to list all spells.
Space momentarily warps into an impossible shape!
You hit Gipniz. Gipniz gestures at you.
The bolt of dispelling energy misses you.
Casting: Manifold Assault (mildly dangerous; 1% risk of failure)
Confirm with . or Enter, or press ? or * to list all spells.
Space momentarily warps into an impossible shape!
You maul Gipniz!!!!!
You kill Gipniz!
You have mastered Fighting!
You need to enable at least one skill for training.
You are mighty.
You are a fearsome dragon!
You are resistant to the elements.
You are flying.
You are studying Short Blades, Spellcasting and Fire Magic.
Your flying speed is average.
Your attack delay is about 0.5.
Your damage rating with unarmed combat is about 201 (Base [31 + 27 (UC)] x 240% (Str) x 145% (Fight)).
Your base attributes are Str 53, Int 10, Dex 13.
You feel extremely strange. The antennae on your head shrink away.
You no longer feel cold resistant.
You feel stronger.
You are mighty.
You are a fearsome dragon!
You are resistant to the elements.
You are flying.
You are studying Short Blades, Spellcasting and Fire Magic.
Your flying speed is average.
Your attack delay is about 0.5.
Your damage rating with unarmed combat is about 210 (Base [31 + 27 (UC)] x 250% (Str) x 145% (Fight)).
Your base attributes are Str 53, Int 10, Dex 13.
What are your orders? t - Roar!
Orders for allies: a - Attack new target. r - Retreat! s - Stop attacking. g - Guard the area. f - Follow me.
Anything else - Cancel.
You roar for attention!
A sun demon comes into view.
The sun demon moves out of view.
You have escaped!

...#..#..#.###....#..#.........#
##.#..#..#.#.....#.#.#.#########
##.#.....#.#.###.#)#.#.#
##.##.#.##.#.#..#..#...#
##.##.#......#.#...#..##
##.##............3#...#
.....#####..#####.#...#
.....+..#..#..))..#...#
.....##...#....#D)#...#
.....##.#..#...#)#....#######
........##..##.#............#
###########....#...#.######.#
#...........#.#...#.# #.#
#.#########.#..#..#.# #.#
#.........#.##..#.#.# #.#
#.##..###.#.#...#.#.# #.#
#.##..# #.#.##...#..# #.#


You could see a sun demon.

Vanquished Creatures
  Cerebov (Pan)
  6 pandemonium lords
  the Royal Jelly (Slime:5)
  Mnoleg (Pan)
  Gloorx Vloq (Pan)
  Lom Lobon (Pan)
  6 dread liches
  7 orbs of fire
  4 ancient liches
  2 juggernauts (Depths:2)
  Mennas (Pan)
  A royal mummy (Zig:2)
  Bai Suzhen (Spider:3)
  4 Killer Klowns
  Saint Roka (Vaults:1)
  Vv (Crypt:2)
  Parghit (Zot:4)
  A curse toe (Zot:5)
  A profane servitor (Abyss:2)
  Nikola (Elf:3)
  12 golden dragons
  3 pearl dragons
  2 bone dragons
  2 Brimstone Fiends (Pan)
  5 electric golems
  3 Tzitzimimeh
  2 hellephants (D:1)
  A shard shrike zombie (Crypt:3)
  2 Ice Fiends
  19 tentacled monstrosities
  Rupert (D:12)
  7 Hell Sentinels
  2 deep elf blademasters (Elf:3)
  30 Orb Guardians
  A walking frostbound tome (Depths:3)
  5 titans
  A walking divine tome (Depths:3)
  8 liches
  Asterion (Vaults:3)
  7 quicksilver dragons
  A kraken (Shoals:1)
  2 deep elf master archers (Elf:3)
  5 sphinxes
  21 Executioners
  Frances (D:14)
  16 acid blobs
  3 ancient champions
  Kirke (D:14)
  12 death cobs
  10 shadow dragons
  8 tentacled starspawn
  11 storm dragons
  4 revenants (Crypt:3)
  9 rockslimes
  4 draconian monks
  6 demonspawn warmongers
  17 daevas
  6 tengu reavers
  Aizul (Vaults:1)
  8 azure jellies
  Ilsuiw (Shoals:2)
  6 draconian knights
  Roxanne (Shoals:1)
  13 fire giants
  4 deep elf sorcerers (Elf:3)
  Donald (Shoals:2)
  6 curse skulls
  26 balrugs
  3 emperor scorpions
  21 frost giants
  18 vault wardens
  7 draconian scorchers
  3 draconian shifters
  8 ghost moths
  5 iron dragons
  2 juggernaut zombies
  Louise (Spider:1)
  4 deep elf elementalists (Elf:3)
  24 angels (Pan)
  5 ghouls
  A caustic shrike zombie (Crypt:1)
  28 cacodemons (Pan)
  3 draconian stormcallers
  7 draconian annihilators
  2 orc warlords
  9 quicksilver oozes
  43 very ugly things
  5 demonspawn corrupters (Pan)
  4 reapers
  A caustic shrike skeleton (Crypt:2)
  5 broodmothers
  31 stone giants
  8 war gargoyles
  4 formless jellyfish
  A juggernaut skeleton (Crypt:2)
  14 ironbound preservers
  5 deep elf demonologists
  4 demonspawn blood saints
  15 green draconians
  15 ophanim (Pan)
  15 ironbound thunderhulks
  3 spriggan defenders
  7 vampire knights
  27 apis (Pan)
  4 demonspawn black suns
  13 black draconians
  5 deep elf annihilators
  16 spark wasps
  8 dire elephants
  12 yellow draconians
  Nessos (D:12)
  6 lorocyprocas
  6 red draconians
  12 purple draconians
  8 white draconians
  5 eidola
  12 blizzard demons
  8 green deaths
  2 crystal guardians (Vaults:4)
  8 deep elf death magi
  4 jiangshi
  20 ettins
  5 deep elf high priests
  Josephine (D:14)
  9 merfolk javelineers
  19 yaktaur captains
  A spriggan zombie (Abyss:2)
  7 entropy weavers
  15 fire dragons
  4 rakshasas
  14 merfolk impalers
  42 vault guards
  9 great orbs of eyes
  An ice dragon (shapeshifter) (Depths:2)
  2 hell beasts
  A quicksilver dragon skeleton (Depths:2)
  5 hydras
  3 jorogumos
  2 salamander tyrants (WizLab)
  6 peacekeepers
  4 spriggan air magi
  A fenstrider witch skeleton (Crypt:2)
  4 spriggan skeletons
  6 merfolk avatars
  A two-headed ogre (shapeshifter) (Depths:3)
  11 ice dragons
  5 radroaches
  4 alligator snapping turtles
  7 merfolk aquamancers
  10 boulder beetles
  5 death knights
  A satyr (shapeshifter) (Vaults:1)
  A bennu skeleton (Crypt:2)
  11 centaur warriors
  15 dancing weapons
  6 ironbound frosthearts
  4 two-headed ogres
  6 death yaks
  2 satyrs
  A titan zombie (Crypt:2)
  5 tengu warriors
  9 deep troll earth magi
  6 vampire magi
  3 hell hogs (Abyss:2)
  2 orc high priests
  A naga warrior (Abyss:2)
  6 holy swine (Pan)
  10 thrashing horrors
  8 deep troll shamans
  18 demonic crawlers
  7 hell knights
  8 spriggan berserkers
  A storm dragon zombie (Depths:2)
  3 occultists
  68 sun demons
  6 deep elf knights
  10 wretched stars
  20 soul eaters
  7 sun moths
  24 skeletal warriors
  6 skysharks
  5 iron trolls
  11 pharaoh ants
  20 shadow wraiths
  29 sixfirhies
  7 spriggans
  An iron giant zombie (Crypt:2)
  41 deep trolls
  A golden dragon zombie (Depths:2)
  3 spatial maelstroms
  19 sea snakes
  4 shadow demons (Pan)
  9 flayed ghosts
  A spectral anaconda (Crypt:3)
  11 orb spiders
  4 bog bodies
  12 glowing orange brains
  A spectral hydra (Crypt:3)
  34 phantasmal warriors
  13 cherubim
  13 ironbound convokers
  A bunyip skeleton (Pan)
  10 arcanists
  14 necromancers
  An orange crystal statue (Shoals:3)
  A shadow dragon zombie (Crypt:3)
  7 deep elf archers
  19 deep elf pyromancers
  13 lindwurms
  2 orc sorcerers
  7 steelbarb worms
  A wolf spider (shapeshifter) (Vaults:5)
  Pikel (D:7)
  34 harpies
  32 ugly things
  13 cyclopes
  26 wolf spiders
  9 orc knights
  12 deep elf zephyrmancers
  13 fauns
  A sphinx simulacrum (Depths:2)
  A jorogumo skeleton (Crypt:2)
  4 shining eyes
  16 manticores
  A fire giant zombie (Depths:2)
  44 large abominations
  2 salamanders (WizLab)
  29 moths of wrath
  2 will-o-the-wisps (Abyss:2)
  A spectral centaur (Crypt:3)
  6 worldbinders
  A frost giant skeleton (Depths:3)
  2 centaur zombies (Crypt:1)
  A draconian skeleton (Crypt:3)
  A titan simulacrum (Crypt:2)
  3 guardian serpents
  4 rust devils
  An eye of devastation (Slime:5)
  14 elephants
  A fire giant skeleton (Depths:2)
  A naga mage (Abyss:2)
  2 toenail golems (D:1)
  4 molten gargoyles (WizLab)
  8 merfolk sirens
  2 dire elephant zombies
  6 water nymphs
  A stone giant skeleton (Abyss:3)
  A centaur skeleton (Crypt:2)
  Maurice (D:9)
  9 gargoyles (WizLab)
  A guardian serpent (shapeshifter) (Abyss:2)
  22 vault sentinels
  8 black mambas
  5 apocalypse crabs (Abyss:2)
  31 smoke demons
  2 naga skeletons
  33 orange demons
  19 cane toads
  4 hellions
  A red draconian zombie (Crypt:1)
  4 kobold demonologists
  6 tormentors
  17 torpor snails
  Maggie (D:8)
  A black draconian zombie (Crypt:2)
  A swamp worm zombie (Crypt:1)
  8 efreet
  A dire elephant skeleton (Pan)
  6 komodo dragons
  5 unseen horrors
  8 rime drakes
  38 yaktaurs
  4 tengu conjurers
  8 ancient zymes
  10 freezing wraiths
  13 ice devils
  6 red devils
  A golden dragon simulacrum (Depths:2)
  A spectral demonspawn (Crypt:3)
  A polar bear (Lair:4)
  8 meliai
  A guardian mummy (Zig:2)
  2 spectral harpies (Crypt:3)
  7 trolls
  4 harpy zombies
  A queen bee (Abyss:3)
  6 hellwings (Pan)
  A raiju (shapeshifter) (Abyss:1)
  11 wind drakes
  42 merfolk
  A moth of wrath zombie (Crypt:3)
  3 tyrant leeches (Lair:5)
  10 hornets
  21 blink frogs
  2 glass eyes
  10 snapping turtles
  A hydra skeleton (Crypt:3)
  39 tarantellas
  An iron dragon simulacrum (Crypt:2)
  5 harpy skeletons
  11 raiju
  A centaur simulacrum (D:15)
  82 slime creatures
  13 flying skulls
  Sigmund (D:2)
  32 jumping spiders
  A slime creature (shapeshifter) (Depths:3)
  20 wraiths
  2 spriggans (shapeshifter) (Vaults:5)
  9 shadows
  25 ynoxinuls
  18 water elementals
  24 culicivoras
  A hog (shapeshifter) (Abyss:2)
  34 yaks
  23 starcursed masses
  18 wyverns
  A tyrant leech zombie (Crypt:1)
  A fire bat (Lair:5)
  13 golden eyes
  2 fire elementals
  3 hogs (D:14)
  22 neqoxecs
  Grum (D:9)
  A spriggan simulacrum (Depths:2)
  7 basilisks
  15 chaos spawn
  21 vampire mosquitoes
  64 redbacks
  3 harpy simulacra
  A human zombie (Depths:3)
  5 wargs
  Edmund (D:4)
  4 spatial vortices
  A glowing shapeshifter zombie (Depths:3)
  A skyshark zombie (Crypt:3)
  2 acid dragons
  15 water moccasins
  5 nagas
  A fire bat skeleton (Crypt:3)
  A water moccasin (shapeshifter) (D:15)
  28 orc warriors
  5 hell hounds (Abyss:2)
  A swamp drake (D:10)
  3 sky beasts
  An ice beast (D:8)
  A black bear (D:6)
  6 ogres
  A tengu (shapeshifter) (Abyss:2)
  A dream sheep skeleton (Crypt:2)
  14 wolves
  6 centaurs
  A lemure (D:7)
  A vine stalker zombie (Crypt:3)
  A kobold brigand (D:8)
  A salamander zombie (Crypt:2)
  A gnoll sergeant (D:9)
  17 small abominations
  3 necrophages
  4 scorpions
  7 bullfrogs
  9 earth elementals
  A naga simulacrum (Abyss:3)
  34 wights
  2 killer bees (D:7)
  9 electric eels
  3 howler monkeys
  A crimson imp (Pan)
  A wolf zombie (Crypt:1)
  2 lava snakes (Lair:3)
  A quasit (Abyss:2)
  20 orc priests
  3 jellies (D:8)
  2 sleepcaps (D:6)
  4 iron imps
  4 iguanas
  15 orc wizards
  3 hell rats
  2 lightning spires (WizLab)
  A killer bee zombie (Crypt:1)
  A hound zombie (Crypt:1)
  A tengu skeleton (Crypt:1)
  2 mummies (Zig:2)
  Robin (D:4)
  8 gnolls
  10 adders
  14 river rats
  5 white imps
  11 ufetubi
  A jelly zombie (Crypt:2)
  A worm (D:5)
  A dart slug (D:3)
  69 orcs
  2 ball pythons
  A bat skeleton (Crypt:3)
  5 endoplasms
  6 giant cockroaches
  22 goblins
  14 hobgoblins
  2 jackals (D:4)
  2 quokkas (D:2)
  2 bats
  6 frilled lizards
  A frilled lizard skeleton (Crypt:1)
  9 kobolds
  18 rats
  2 ball lightnings (Pan)
  A fire vortex (D:1)
  3 lurking horrors
  6 starspawn tentacles
  4 tentacles (Shoals:1)
3372 creatures vanquished.

Vanquished Creatures (collateral kills)
  Ignacio (Pan)
  A seraph (Pan)
  An Orb Guardian (Zot:5)
  2 Executioners (Pan)
  2 cacodemons (Pan)
  A merfolk javelineer (Shoals:4)
  An orc high priest (Bailey)
  2 sun demons (Pan)
  A steelbarb worm (Spider:4)
  3 wolf spiders (Spider:4)
  3 orange demons
  A hornet (Lair:5)
  Prince Ribbit (D:7)
  A redback (Spider:4)
21 creatures vanquished.

Vanquished Creatures (others)
  A pandemonium lord (D:1)
  A golden dragon (Zot:2)
  An eldritch tentacle (Pan)
  A draconian scorcher (Zot:4)
  A deep elf annihilator (Pan)
  A green draconian (Zot:1)
  A yellow draconian (Zot:3)
  An entropy weaver (Spider:3)
  A deep elf high priest (Vaults:5)
  A rakshasa (Pan)
  2 occultists (Pan)
  A wretched star (Abyss:2)
  2 deep elf knights (Elf:3)
  A harpy (Shoals:3)
  An orc knight (Bailey)
  A moth of wrath (Zot:3)
  A hornet (Vaults:5)
  A human (D:14)
  A naga (Abyss:2)
  A centaur (D:8)
  A killer bee (D:7)
  A white imp (D:1)
  A ball lightning (Pan)
  23 starspawn tentacles
  3 tentacles (Shoals:1)
51 creatures vanquished.

Grand Total: 3444 creatures vanquished

Notes
Turn   | Place    | Note
-------+----------+-------------------------------------------
     0 | D:1      | RepoMan the Demigod Fighter began the quest for the Orb.
     0 | D:1      | Reached XP level 1. HP: 18/18 MP: 3/3
   432 | D:1      | Reached XP level 2. HP: 22/25 MP: 4/4
  1362 | D:2      | Noticed Sigmund
  1523 | D:3      | Reached XP level 3. HP: 31/31 MP: 5/5
  1863 | D:3      | Reached XP level 4. HP: 19/38 MP: 6/6
  2298 | D:3      | Reached XP level 5. HP: 28/46 MP: 7/7
  2857 | D:4      | Noticed Robin
  2902 | D:4      | Killed Robin
  3050 | D:4      | Found a staircase to the Ecumenical Temple.
  3055 | Temple   | Entered the Ecumenical Temple
  3255 | D:4      | Reached skill level 5 in Unarmed Combat
  3340 | D:4      | Reached XP level 6. HP: 30/53 MP: 8/8
  3535 | D:4      | Noticed Edmund
  3543 | D:5      | Entered Level 5 of the Dungeon
  3612 | D:5      | Found a glowing drain.
  3616 | Sewer    | Entered a sewer
  4242 | D:5      | Reached skill level 1 in Evocations
  4274 | D:6      | Found Jozxead's Neck Hole.
  4544 | D:6      | Reached skill level 1 in Dodging
  4544 | D:6      | Reached XP level 7. HP: 43/60 MP: 9/9
  5043 | D:6      | Reached skill level 5 in Fighting
  5758 | D:7      | Found a flagged portal.
  5771 | D:7      | Reached XP level 8. HP: 68/68 MP: 10/10
  5785 | Bailey   | Entered a bailey
  5811 | Bailey   | Noticed an orc knight
  5828 | Bailey   | Killed an orc knight
  5885 | Bailey   | Noticed an orc knight
  5916 | Bailey   | Killed an orc knight
  6119 | Bailey   | Reached XP level 9. HP: 74/74 MP: 11/11
  6175 | Bailey   | Acquired 995 gold pieces
  6443 | Bailey   | Noticed an orc knight
  6444 | Bailey   | Noticed an orc high priest
  6452 | Bailey   | Noticed a kobold demonologist
  6455 | Bailey   | Noticed a smoke demon
  6460 | Bailey   | Noticed a rust devil
  6465 | Bailey   | Killed an orc high priest
  6507 | Bailey   | Killed a kobold demonologist
  6658 | Bailey   | Identified the +0 pair of boots of the Minstrel {Str-4
                  | Int+3 Slay+6 Stlth+}
  6956 | D:7      | Noticed Pikel
  6981 | D:7      | Killed Pikel
  6982 | D:7      | Reached skill level 10 in Unarmed Combat
  7033 | D:7      | Noticed Prince Ribbit
  7042 | D:7      | Killed Prince Ribbit
  7419 | D:7      | Reached XP level 10. HP: 75/84 MP: 13/13
  7995 | D:8      | Reached skill level 5 in Dodging
  8164 | D:8      | Noticed Maggie
  8177 | D:8      | Killed Maggie
  9140 | D:9      | Noticed Grum
  9235 | D:9      | Killed Grum
  9236 | D:9      | Reached skill level 5 in Evocations
  9270 | D:9      | Noticed a two-headed ogre
  9280 | D:9      | Killed a two-headed ogre
  9286 | D:9      | Noticed Maurice
  9299 | D:9      | Something stole a staff of poison
  9305 | D:9      | Killed Maurice
  9350 | D:9      | Identified the +3 spear "Giol" {flame, rElec}
  9735 | D:10     | Entered Level 10 of the Dungeon
  9748 | D:10     | Reached XP level 11. HP: 91/92 MP: 14/14
 10639 | D:10     | Found a staircase to the Orcish Mines.
 10804 | D:10     | Found Roushreg's Weapon Shop.
 10914 | D:10     | Found a staircase to the Lair.
 11192 | D:11     | Reached skill level 5 in Armour
 11385 | D:11     | Noticed a two-headed ogre
 11458 | D:11     | Killed a two-headed ogre
 11635 | D:11     | Noticed a two-headed ogre
 11735 | Lair:1   | Entered Level 1 of the Lair of Beasts
 13189 | Lair:2   | Reached XP level 12. HP: 103/103 MP: 15/15
 13293 | Lair:2   | Found a runed translucent door.
 13294 | Lair:2   | Noticed niknal's ghost (journeyman TeWr)
 13360 | Lair:2   | Found a transporter.
 13375 | Lair:2   | Noticed a seven-headed hydra
 13396 | Lair:2   | Killed a seven-headed hydra
 13444 | Lair:2   | Found a staircase to the Shoals.
 13554 | Lair:2   | Noticed Urug
 13558 | Lair:2   | Urug changed into Urug the troll
 13558 | Lair:2   | Noticed Urug
 13564 | Lair:2   | Killed Urug the troll
 13677 | Lair:2   | Noticed a five-headed hydra
 13677 | Lair:2   | Noticed a boulder beetle
 13695 | Lair:2   | Killed a boulder beetle
 13781 | Lair:2   | Found a transporter.
 14062 | Lair:3   | Found a hole to the Spider Nest.
 14306 | Lair:3   | Noticed a boulder beetle
 14312 | Lair:3   | Killed a boulder beetle
 14606 | Lair:3   | Identified the +1 robe of Negation {Rampage Will+ Stlth-}
 15272 | Lair:4   | Identified the +5 pair of gloves of Card Tricks {rPois
                  | Will++ Int-2 SInv}
 15302 | Lair:4   | Reached skill level 10 in Fighting
 15768 | Lair:4   | Reached XP level 13. HP: 105/113 MP: 16/16
 15785 | Lair:4   | Reached skill level 15 in Unarmed Combat
 16110 | Lair:5   | Entered Level 5 of the Lair of Beasts
 16611 | Lair:5   | Found a runed translucent door.
 16770 | Lair:5   | Identified the beast talisman of Magic {*Corrode Str+8}
 17142 | Lair:5   | Found a staircase to the Slime Pits.
 18151 | Lair:5   | Identified the +1 sling "RepoMan's Death" {drain, rF- Int-2
                  | Dex+9}
 18189 | Lair:5   | Reached XP level 14. HP: 124/124 MP: 17/17
 19171 | Orc:1    | Entered Level 1 of the Orcish Mines
 19581 | Orc:2    | Entered Level 2 of the Orcish Mines
 19604 | Orc:2    | Found a staircase to the Elven Halls.
 19829 | Orc:2    | Found a runed translucent door.
 19830 | Orc:2    | Noticed Bnni's ghost (journeyman HOMo)
 19830 | Orc:2    | Found the +8 lance "Wyrmbane" {slay drac, rPois rF+ rC+
                  | AC+3}
 19929 | Orc:2    | Found Hussiosu's Antique Armour Boutique.
 20096 | Orc:2    | Noticed an orc warlord
 20151 | Orc:2    | Killed an orc warlord
 20340 | Orc:2    | Found Peuda's Antique Weapon Boutique.
 20456 | Orc:2    | Found Qets's Book Boutique.
 20483 | Orc:2    | Bought a book of Spatial Translocations for 270 gold pieces
 20486 | Orc:2    | Learned a level 2 spell: Blink
 20489 | Orc:2    | Learned a level 2 spell: Lesser Beckoning
 20561 | Orc:2    | Found Neodwal's General Store.
 20577 | Orc:2    | Bought a wand of charming (3) for 86 gold pieces
 20577 | Orc:2    | Bought a scroll of blinking for 90 gold pieces
 20577 | Orc:2    | Bought a potion of mutation for 96 gold pieces
 20857 | D:4      | Killed Edmund
 21124 | D:2      | Killed Sigmund
 21388 | D:12     | Noticed Nessos
 21395 | D:12     | Killed Nessos
 21438 | D:12     | Noticed Rupert
 21449 | D:12     | Killed Rupert
 21792 | D:12     | Identified the +11 chain mail of Jaaxuru {Drain rElec
                  | Dex+6}
 22173 | D:12     | Found Boif's Assorted Antiques.
 22209 | D:12     | Bought a scroll labelled NEROCODEMA for 27 gold pieces
 22209 | D:12     | Bought a scroll labelled AXTAAPLI WAFF for 27 gold pieces
 22209 | D:12     | Bought a scroll labelled DASIGO ZOATESS for 27 gold pieces
 22209 | D:12     | Bought a potion of magic for 216 gold pieces
 22209 | D:12     | Bought 3 scrolls of fog for 324 gold pieces
 24247 | D:14     | Noticed Josephine
 24407 | D:14     | Killed Josephine
 24527 | D:14     | Noticed Frances
 24534 | D:14     | Killed Frances
 24605 | D:14     | Found Niynod's Magic Scroll Boutique.
 24624 | D:14     | Bought a scroll of amnesia for 44 gold pieces
 24624 | D:14     | Bought a scroll of teleportation for 33 gold pieces
 24624 | D:14     | Bought a scroll of fog for 44 gold pieces
 24624 | D:14     | Bought a scroll of vulnerability for 44 gold pieces
 24624 | D:14     | Bought a scroll of revelation for 82 gold pieces
 24624 | D:14     | Bought a scroll of identify for 22 gold pieces
 24624 | D:14     | Bought a scroll of fog for 44 gold pieces
 24624 | D:14     | Bought a scroll of summoning for 104 gold pieces
 24700 | D:14     | Reached skill level 1 in Shapeshifting
 24761 | D:14     | Reached XP level 15. HP: 126/136 MP: 18/18
 24792 | D:14     | Noticed Kirke
 24819 | D:14     | Killed Kirke
 25162 | D:14     | Found the +8 frozen axe "Frostbite" {freeze, freezing
                  | cloud, *Noise Fly rC+}
 25494 | D:14     | Found a gate to the Vaults.
 25527 | D:15     | Entered Level 15 of the Dungeon
 25944 | D:15     | Reached skill level 5 in Shapeshifting
 26155 | D:15     | Found a staircase to the Depths.
 26646 | Spider:1 | Entered Level 1 of the Spider Nest
 27357 | Spider:1 | Noticed Louise
 27399 | Spider:1 | Killed Louise
 28796 | Spider:2 | Reached skill level 10 in Dodging
 28796 | Spider:2 | Reached skill level 10 in Shapeshifting
 29030 | Spider:1 | Reached XP level 16. HP: 133/144 MP: 19/19
 31253 | Spider:3 | Identified the +5 ring mail of Magic {rPois Stlth+}
 31570 | Spider:4 | Entered Level 4 of the Spider Nest
 31677 | Spider:4 | Noticed Bai Suzhen
 31978 | Spider:3 | Killed Bai Suzhen
 33910 | Spider:4 | Reached XP level 17. HP: 146/152 MP: 0/20
 34067 | Spider:4 | Got a gossamer rune of Zot
 34071 | Spider:4 | Identified the scarf of the Tundras {shadows, Str+3}
 34394 | Shoals:3 | Identified the "Ylihydeu"
 34394 | Shoals:4 | Identified the "Haul"
 34394 | Vaults:5 | Identified the "Zuang"
 34394 | Vaults:5 | Identified the of Secaa
 34394 | Vaults:5 | Identified the "Cylap"
 34394 | Elf:1    | Identified the "Maton"
 34394 | Elf:1    | Entered Level 1 of the Elven Halls
 34761 | Elf:1    | You fall into a shaft and drop 1 floor!
 34856 | Elf:2    | Identified the +0 scale mail of Ziod {rPois rF+ rN+}
 36449 | Elf:2    | Found a runed translucent gate.
 36449 | Elf:2    | Found a runed translucent gate.
 36449 | Elf:2    | Found a runed translucent gate.
 36517 | Elf:3    | Identified the of Teemaen
 36517 | Elf:3    | Identified the "Feim"
 36517 | Elf:3    | Identified the "Lovvimuo"
 36517 | Elf:3    | Entered Level 3 of the Elven Halls
 36551 | Elf:3    | Noticed Nikola
 36563 | Elf:3    | Killed Nikola
 36732 | Elf:3    | Noticed a deep elf blademaster
 36739 | Elf:3    | Killed a deep elf blademaster
 36970 | Elf:3    | Noticed a deep elf blademaster
 36981 | Elf:3    | Killed a deep elf blademaster
 37141 | Elf:3    | Identified the +2 glaive "Seret" {venom, rN+ Int+2}
 37177 | Elf:3    | Identified the ring of Doefos {Int+6 Slay+3}
 37181 | Elf:3    | Identified the ring "Hykunta" {Ice Int+2 Dex+2}
 37250 | Elf:3    | Identified the +0 sling "Leviticus" {flame, rN+ Int+4}
 37298 | Elf:3    | Identified the ring "Hepta" {AC+4 Str+4 Dex+3}
 37323 | Elf:3    | Identified the +5 orcbow of Incongruity {freeze, rPois
                  | Dex+3 Stlth+}
 38086 | Elf:3    | Found Ceesch Haso's Antique Armour Shoppe.
 38092 | Elf:3    | Bought a shiny helmet for 262 gold pieces
 38459 | Elf:3    | Acquired the ring of the Changing Jester {rPois rF+ AC+4
                  | Dex-4}
 38848 | Shoals:1 | Entered Level 1 of the Shoals
 38898 | Shoals:1 | Noticed Roxanne
 38968 | Shoals:1 | Reached XP level 18. HP: 161/161 MP: 21/21
 39189 | Shoals:1 | Found Soeliynn's Island Escapes.
 39242 | Shoals:1 | Bought a scroll of teleportation for 48 gold pieces
 39242 | Shoals:1 | Bought a potion of enlightenment for 80 gold pieces
 39242 | Shoals:1 | Bought a scroll of teleportation for 48 gold pieces
 39242 | Shoals:1 | Bought a potion of enlightenment for 80 gold pieces
 39242 | Shoals:1 | Bought 2 potions of haste for 320 gold pieces
 39242 | Shoals:1 | Bought a scroll of blinking for 120 gold pieces
 39613 | Shoals:1 | Killed Roxanne
 39848 | Shoals:2 | Noticed Ilsuiw
 39858 | Shoals:2 | Killed Ilsuiw
 40185 | Shoals:2 | Noticed Donald
 40196 | Shoals:2 | Killed Donald
 40433 | Shoals:2 | Found Rikk's Weapon Shoppe.
 40771 | Shoals:3 | Reached skill level 15 in Fighting
 40932 | Shoals:3 | Found a transporter.
 41162 | Shoals:3 | Found a transporter.
 41258 | Shoals:3 | Reached skill level 10 in Evocations
 41599 | Shoals:4 | Entered Level 4 of the Shoals
 42677 | Shoals:4 | Reached XP level 19. HP: 129/170 MP: 22/22
 42836 | Shoals:4 | Got a barnacled rune of Zot
 43303 | Shoals:3 | Identified the ring "Fesuth" {Int+6 Slay+2}
 43542 | Vaults:1 | Entered Level 1 of the Vaults
 43668 | Vaults:1 | Identified the serpent talisman of the Black Moon {Int+2
                  | Slay+6}
 43668 | Vaults:1 | Noticed Aizul
 43679 | Vaults:1 | Killed Aizul
 43785 | Vaults:1 | Noticed Saint Roka
 43806 | Vaults:1 | Killed Saint Roka
 43809 | Vaults:1 | Reached skill level 10 in Armour
 44210 | Vaults:1 | Found a portal to a secret trove of treasure.
 44837 | Vaults:1 | You paid a toll of a +5 demon trident to enter a treasure
                  | trove
 44838 | Trove    | Entered a treasure trove
 44861 | Trove    | Identified the ring of Hupir {Will+ EV+5}
 44868 | Trove    | Identified the +8 quarterstaff "Demeimp" {freeze, rElec rF+
                  | Dex+5}
 45441 | Vaults:1 | Identified the +4 pair of gloves of Sukhet {rPois Regen+
                  | Str+4}
 45548 | Vaults:1 | Identified the +7 long sword of Wu Jian {drain, rPois rF++
                  | rC+ Int+3}
 46925 | Vaults:2 | Found Pimerph's Distillery.
 46932 | Vaults:2 | Bought a potion of berserk rage for 90 gold pieces
 46932 | Vaults:2 | Bought a potion of curing for 54 gold pieces
 46932 | Vaults:2 | Bought a potion of heal wounds for 90 gold pieces
 46932 | Vaults:2 | Bought a potion of might for 72 gold pieces
 46932 | Vaults:2 | Bought a potion of might for 72 gold pieces
 46932 | Vaults:2 | Bought a potion of haste for 180 gold pieces
 47134 | Vaults:3 | Reached XP level 20. HP: 180/180 MP: 24/24
 47850 | Vaults:3 | Found a staircase to the Crypt.
 47960 | Vaults:3 | Noticed Asterion
 47981 | Vaults:3 | Killed Asterion
 48106 | Vaults:3 | Found Litu's Magic Scroll Emporium.
 48113 | Vaults:3 | Bought a scroll of blinking for 135 gold pieces
 48113 | Vaults:3 | Bought a scroll of teleportation for 54 gold pieces
 48965 | Vaults:4 | Identified the +3 war axe of Atouh {elec, rN+ Int+3 Dex+4}
 49820 | Crypt:1  | Entered Level 1 of the Crypt
 50774 | Crypt:1  | Reached XP level 21. HP: 167/189 MP: 25/25
 50854 | Crypt:2  | Found a magical portal.
 50857 | WizLab   | Entered Maxwell's Workshop
 51000 | WizLab   | Reached skill level 15 in Shapeshifting
 51092 | WizLab   | Identified the ring of the Moon {rElec rCorr}
 51178 | WizLab   | Identified the ring of Cuong {Ice Int+3 Slay+2 Stlth+}
 51194 | WizLab   | Identified the ring of the Shining Light {Ice Will- Int+6
                  | Dex+2}
 51195 | WizLab   | Identified the +3 hand axe "Kyud" {vamp, Fragile Fly rPois
                  | rN++}
 51274 | WizLab   | Identified the ring "Beigref" {Ice Will+ Dex+6}
 51275 | WizLab   | Identified the ring of Seig {Fire Str+6}
 51276 | WizLab   | Identified the ring of Isunuca {Fire rPois rCorr Str-4
                  | Slay+4}
 51640 | Crypt:2  | Noticed Vv
 51649 | Crypt:2  | Killed Vv
 52142 | Crypt:3  | Entered Level 3 of the Crypt
 52275 | Crypt:3  | Identified the +6 long sword "Zedimu" {heavy, rC- Int+8
                  | Dex+5 SInv}
 52926 | Crypt:3  | Identified the +2 scale mail of Qomutiat {rElec rPois rN+
                  | Int+3}
 53045 | Crypt:3  | Found the +5 scythe "Finisher" {speed, execute}
 53220 | Crypt:3  | Found a staircase to the Tomb.
 53698 | Zot:2    | Identified the of Leetz
 53698 | Slime:1  | Entered Level 1 of the Pits of Slime
 53847 | Slime:4  | Gained mutation: You occasionally lose the ability to drink
                  | potions when taking damage. [a shining eye]
 53857 | Slime:3  | Reached XP level 22. HP: 182/198 MP: 26/26
 54022 | Slime:5  | Identified the "Eplut"
 54022 | Slime:5  | Entered Level 5 of the Pits of Slime
 54022 | Slime:5  | Found the +2 Maxwell's thermic engine {flame, freeze, rev}
 54309 | Slime:5  | Gained mutation: You are weak. (Str -2) [a shining eye]
 54370 | Slime:5  | Gained mutation: You are dopey. (Int -2) [a shining eye]
 54372 | Slime:5  | Gained mutation: Your body sometimes deteriorates upon
                  | taking damage. [a shining eye]
 54685 | Slime:5  | Noticed the Royal Jelly
 54707 | Slime:5  | Killed the Royal Jelly
 54791 | Slime:5  | Identified the orb "Tunk" {mayhem, Dex+2}
 54803 | Slime:5  | Identified the +6 scale mail "Weoquate" {rC- Str+4}
 54810 | Slime:5  | Got a slimy rune of Zot
 54811 | Slime:5  | Identified the +6 double sword "Benk" {freeze, rN++ Will-
                  | Dex+2}
 54812 | Slime:5  | Identified the +0 cloak "Rejokh" {Str+4}
 54871 | Slime:5  | Identified the +2 pair of boots "Migehue" {rCorr}
 54893 | Slime:5  | Identified the +2 chain mail of Ravioli {rF- rN+ Int+5}
 54895 | Slime:5  | Identified the +9 dagger of the Butterfly {vamp, Fly rF++
                  | rC- SInv}
 54912 | Slime:5  | Identified the +4 orcbow of the Morning {freeze, Drain
                  | Int+5 Dex+2}
 54975 | Slime:5  | Identified the +0 mace "Killer Bee's Peril" {antimagic,
                  | rPois rC- rCorr Dex+3}
 55031 | Slime:5  | Identified the +1 ring mail of the Vaults {Int+6 Dex-2}
 55139 | Lair:5   | Lost mutation: You are dopey. (Int -2) [potion of mutation]
 55139 | Lair:5   | Lost mutation: Your body sometimes deteriorates upon taking
                  | damage. [potion of mutation]
 55139 | Lair:5   | Lost mutation: You occasionally lose the ability to drink
                  | potions when taking damage. [potion of mutation]
 55139 | Lair:5   | Gained mutation: Your mind is acute. (Int +4, Str/Dex -1)
                  | [potion of mutation]
 55139 | Lair:5   | Gained mutation: You sometimes lose your temper in combat.
                  | [potion of mutation]
 55139 | Lair:5   | Gained mutation: You do not regenerate when monsters are
                  | visible. [potion of mutation]
 55139 | Lair:5   | Gained mutation: You have a considerably increased
                  | reservoir of magic. (+20% MP) [potion of mutation]
 55140 | Lair:5   | Lost mutation: Your mind is acute. (Int +4, Str/Dex -1)
                  | [potion of mutation]
 55140 | Lair:5   | Lost mutation: You have a considerably increased reservoir
                  | of magic. (+20% MP) [potion of mutation]
 55140 | Lair:5   | Gained mutation: Armour fits poorly on your strangely
                  | shaped body. [potion of mutation]
 55140 | Lair:5   | Gained mutation: You are robust. (+10% HP) [potion of
                  | mutation]
 55141 | Lair:5   | Lost mutation: You do not regenerate when monsters are
                  | visible. [potion of mutation]
 55141 | Lair:5   | Lost mutation: You are weak. (Str -2) [potion of mutation]
 55141 | Lair:5   | Gained mutation: Your muscles are strong. (Str +4, Int/Dex
                  | -1) [potion of mutation]
 55141 | Lair:5   | Gained mutation: Your mind is acute. (Int +4, Str/Dex -1)
                  | [potion of mutation]
 55362 | Depths:1 | Entered Level 1 of the Depths
 55486 | Depths:1 | Lost mutation: You are robust. (+10% HP) [potion of
                  | mutation]
 55486 | Depths:1 | Lost mutation: Armour fits poorly on your strangely shaped
                  | body. [potion of mutation]
 55486 | Depths:1 | Lost mutation: You sometimes lose your temper in combat.
                  | [potion of mutation]
 55486 | Depths:1 | Gained mutation: You have sharp toenails. [potion of
                  | mutation]
 55593 | Depths:1 | Found a gateway to Hell.
 55790 | Depths:1 | Found a one-way gate leading to the halls of Pandemonium.
 56292 | Depths:2 | Found a one-way gate to the infinite horrors of the Abyss.
 56440 | Depths:2 | Noticed a juggernaut
 56475 | Depths:2 | Killed a juggernaut
 56532 | Depths:2 | Noticed a juggernaut
 56542 | Depths:2 | Killed a juggernaut
 58157 | Lair:2   | Reached XP level 23. HP: 209/209 MP: 27/27
 59011 | Depths:3 | Reached skill level 1 in Translocations
 59015 | Depths:3 | Reached skill level 1 in Spellcasting
 59046 | Depths:3 | Learned a level 4 spell: Vhi's Electric Charge
 59600 | Depths:3 | Reached skill level 1 in Air Magic
 59624 | Depths:3 | Reached skill level 5 in Translocations
 59738 | Depths:3 | Reached skill level 5 in Spellcasting
 60286 | Depths:3 | Identified the staff of Eghir {rPois rF+ Fire}
 60801 | Depths:4 | Entered Level 4 of the Depths
 61107 | Depths:4 | Found a one-way gateway to a ziggurat.
 61499 | Depths:4 | Found a gate to the Realm of Zot.
 61813 | Zot:1    | Entered Level 1 of the Realm of Zot
 61896 | Zot:1    | Reached XP level 24. HP: 168/218 MP: 38/38
 62561 | Zot:2    | Reached skill level 15 in Dodging
 62692 | Zot:2    | You fall into a shaft and drop 1 floor!
 62780 | Zot:3    | Reached skill level 5 in Air Magic
 63682 | Zot:2    | Noticed an orb of fire
 63718 | Zot:2    | Killed an orb of fire
 63768 | Zot:2    | Identified the +1 dagger of Nadegh {drain, rElec}
 64116 | Zot:3    | Noticed an orb of fire
 64116 | Zot:3    | Gained mutation: You are strong-willed. (Will+) [an orb of
                  | fire]
 64214 | Zot:3    | Gained mutation: You passively map a small area around you.
                  | [an orb of fire]
 64216 | Zot:3    | Killed an orb of fire
 64892 | Zot:3    | Identified the ring "Ginluq" {rF+ Will+}
 65093 | Zot:4    | Noticed an orb of fire
 65184 | Zot:4    | Killed an orb of fire
 65184 | Zot:4    | Noticed Parghit
 65201 | Zot:4    | Killed Parghit
 65433 | Zot:4    | Found a transporter.
 65447 | Zot:4    | Noticed Anuegiwi's ghost (veteran AtFi)
 65448 | Zot:4    | Noticed a dread lich
 65487 | Zot:4    | Found a transporter.
 65487 | Zot:4    | Found a transporter.
 65600 | Zot:4    | Found a transporter.
 65771 | Zot:4    | Noticed a Killer Klown
 65790 | Zot:4    | Killed a Killer Klown
 65825 | Zot:4    | Identified the ring of the Elephant {rPois Str+6}
 65836 | Zot:4    | Identified the amulet of Munerask {Reflect Drain rElec
                  | rPois SH+5 SInv}
 66226 | Vaults:5 | Entered Level 5 of the Vaults
 66237 | Vaults:5 | Reached XP level 25. HP: 174/231 MP: 40/40
 66262 | Vaults:5 | Identified the ring "Idyr" {Ice rN+ Int+2 Dex+3}
 66582 | Vaults:5 | Identified the ring "Kyrphik" {rPois rC+ Int+5 Dex+6}
 66774 | Vaults:5 | Identified the ring "Zudaaw" {rPois Will+ Dex+4 Slay-3
                  | Stlth+}
 66792 | Vaults:5 | Noticed an ancient lich
 66801 | Vaults:5 | Killed an ancient lich
 66808 | Vaults:5 | Got a silver rune of Zot
 66878 | Vaults:5 | Noticed an ancient lich
 66884 | Vaults:5 | Killed an ancient lich
 66922 | Vaults:5 | Identified the +8 chain mail "Zemeev" {Str+3}
 67070 | Vaults:5 | Upgraded the game from 0.31-a0-965-g8a8ce12e04 to
                  | 0.31-a0-968-g24f9ace8b5
 67165 | Vaults:5 | Identified the +9 scimitar "Azigiruy" {freeze, rElec rC++
                  | rCorr Stlth+}
 67165 | Vaults:5 | Identified the +2 plate armour of Existentialism {Fly rN+}
 67523 | Vaults:5 | Noticed an ancient lich
 67531 | Vaults:5 | Killed an ancient lich
 67628 | Vaults:5 | Identified the ring "Kabbogh" {Drain Will+ Dex+6}
 68209 | Tomb:3   | Identified the "Jiolonn"
 68209 | Tomb:3   | Identified the "Goeffam"
 68209 | Dis:7    | Identified the of Kelodwyfobo
 68209 | Pan      | Identified the of Jeghisol
 68209 | Zig:1    | Entered Level 1 of a ziggurat
 68229 | Zig:2    | Entered Level 2 of a ziggurat
 68230 | Zig:2    | Noticed a royal mummy
 68245 | Zig:2    | Killed a royal mummy
 68373 | Pan      | Entered Pandemonium
 68373 | Pan      | Noticed a seraph
 68381 | Pan      | Killed a seraph
 68382 | Pan      | Identified the +7 battleaxe of Precise Incision {flame,
                  | *Corrode rN++ Will+++ Dex-3}
 68428 | Pan      | Got a demonic rune of Zot
 68500 | Pan      | Identified the +3 scale mail of Cheibriados's Respect
                  | {Contam rElec rN+++ Dex-3}
 69191 | Pan      | Identified the +6 tower shield "Aquqip" {Dex+3}
 70040 | Pan      | Reached XP level 26. HP: 247/247 MP: 40/40
 70632 | Pan      | Learned a level 4 spell: Manifold Assault
 70686 | Depths:2 | Escaped Pandemonium
 70688 | Pan      | Entered Pandemonium
 70866 | Pan      | Found an exit through the horrors of the Abyss.
 71015 | Pan      | Gained mutation: You occasionally lose the ability to drink
                  | potions when taking damage. [a cacodemon]
 71282 | Pan      | Noticed Qalukhli the pandemonium lord
 71297 | Pan      | Killed Qalukhli the pandemonium lord
 71956 | Pan      | Noticed Laedikh the pandemonium lord
 72053 | Pan      | Killed Laedikh the pandemonium lord
 72170 | Pan      | Entered the realm of Gloorx Vloq.
 72458 | Pan      | Found an exit through the horrors of the Abyss.
 72633 | Pan      | Noticed Gloorx Vloq
 72644 | Pan      | Killed Gloorx Vloq
 72885 | Pan      | Got a dark rune of Zot
 73020 | Pan      | Noticed Velawkaseu the pandemonium lord
 73135 | Pan      | Gained mutation: You have hidden genetic defects. [a
                  | cacodemon]
 73156 | Pan      | Lost mutation: Your muscles are strong. (Str +4, Int/Dex
                  | -1) [potion of mutation]
 73156 | Pan      | Lost mutation: You passively map a small area around you.
                  | [potion of mutation]
 73156 | Pan      | Lost mutation: You have sharp toenails. [potion of
                  | mutation]
 73156 | Pan      | Gained mutation: You have a pair of small antennae on your
                  | head. [potion of mutation]
 73156 | Pan      | Gained mutation: You are agile. (Dex +4, Str/Int -1)
                  | [potion of mutation]
 73157 | Pan      | Lost mutation: Your mind is acute. (Int +4, Str/Dex -1)
                  | [potion of mutation]
 73157 | Pan      | Lost mutation: You are agile. (Dex +4, Str/Int -1) [potion
                  | of mutation]
 73158 | Pan      | Lost mutation: You occasionally lose the ability to drink
                  | potions when taking damage. [potion of mutation]
 73158 | Pan      | Lost mutation: You have hidden genetic defects. [potion of
                  | mutation]
 73158 | Pan      | Lost mutation: You are strong-willed. (Will+) [potion of
                  | mutation]
 73158 | Pan      | Gained mutation: You are partially covered in iridescent
                  | scales. (AC +2) [potion of mutation]
 73158 | Pan      | Gained mutation: You have hidden genetic potential. [potion
                  | of mutation]
 73158 | Pan      | Gained mutation: You are mostly covered in iridescent
                  | scales. (AC +4) [potion of mutation]
 73378 | Pan      | Noticed Yzymneaju the pandemonium lord
 73454 | Pan      | Entered the realm of Mnoleg.
 73471 | Pan      | Reached skill level 10 in Translocations
 73746 | Pan      | Noticed Mennas
 73763 | Pan      | Killed Mennas
 74146 | Pan      | Gained mutation: You are frail. (-10% HP) [a neqoxec]
 74147 | Pan      | Gained mutation: Your flesh is cold resistant. (rC+) [a
                  | cacodemon]
 74152 | Pan      | Gained mutation: You are vulnerable to heat. (rF-) [a
                  | neqoxec]
 74164 | Pan      | Noticed Mnoleg
 74181 | Pan      | Gained mutation: You do not regenerate when monsters are
                  | visible. [Mnoleg's mutagenic touch]
 74205 | Pan      | Killed Mnoleg
 74206 | Pan      | Reached XP level 27. HP: 168/234 MP: 23/40
 74259 | Pan      | Gained mutation: You are dopey. (Int -2) [a neqoxec]
 74641 | Pan      | Got a glowing rune of Zot
 74686 | Pan      | Noticed Alytoid the pandemonium lord
 74838 | Pan      | Killed Alytoid the pandemonium lord
 76150 | Pan      | Identified the "Heig"
 76150 | Pan      | Identified the "Reajuo"
 76157 | Pan      | Noticed Ignacio
 76163 | Pan      | Killed Ignacio
 76684 | Pan      | Entered the realm of Lom Lobon.
 76935 | Pan      | Noticed Lom Lobon
 76947 | Pan      | Killed Lom Lobon
 77002 | Pan      | Got a magical rune of Zot
 77153 | Pan      | Found an exit through the horrors of the Abyss.
 77429 | Pan      | Identified the "Govaaff"
 77429 | Pan      | Entered the realm of Cerebov.
 77810 | Pan      | Found an exit through the horrors of the Abyss.
 77988 | Pan      | Gained mutation: You are strong-willed. (Will+) [hidden
                  | potential]
 78272 | Pan      | Identified the +5 glaive "Xagh" {heavy, rCorr}
 78283 | Pan      | Found the +6 sword of Cerebov {flame}
 78283 | Pan      | Noticed Cerebov
 78296 | Pan      | Killed Cerebov
 78362 | Pan      | Got a fiery rune of Zot
 78405 | Pan      | Identified the +1 plate armour of Obuir {rPois}
 78410 | Pan      | Identified the +7 dagger "Nelai" {heavy, rC+}
 78414 | Pan      | Identified the +1 trident "Uczeorr" {holy, *Slow rC+ rN++
                  | Stlth+}
 78574 | Pan      | Identified the staff of Fifytoud {rElec Str+8 Earth}
 78894 | Pan      | Took an exit into the Abyss.
 78894 | Abyss:1  | Escaped into the Abyss
 79076 | Abyss:2  | Gained mutation: Armour fits poorly on your strangely
                  | shaped body. [a neqoxec]
 79078 | Abyss:2  | Gained mutation: You are clumsy. (Dex -2) [a neqoxec]
 79397 | Abyss:2  | Reached skill level 5 in Shields
 79430 | Depths:2 | Escaped the Abyss
 79498 | Depths:2 | Voluntarily entered the Abyss.
 79967 | Depths:2 | Escaped the Abyss
 80032 | Depths:2 | Voluntarily entered the Abyss.
 80051 | Abyss:2  | Noticed a dread lich
 80056 | Abyss:2  | Killed a dread lich
 80064 | Abyss:3  | Identified the of Iwemnyv
 80094 | Abyss:3  | Got an abyssal rune of Zot
 80566 | Depths:2 | Escaped the Abyss
 80764 | Zot:5    | Entered Level 5 of the Realm of Zot
 80942 | Zot:5    | Noticed an orb of fire
 80942 | Zot:5    | Noticed an orb of fire
 80942 | Zot:5    | Noticed an orb of fire
 80942 | Zot:5    | Noticed a dread lich
 80942 | Zot:5    | Noticed a dread lich
 80942 | Zot:5    | Noticed a dread lich
 80943 | Zot:5    | Gained mutation: You occasionally shout uncontrollably at
                  | your foes. [an orb of fire]
 80944 | Zot:5    | Noticed a dread lich
 80946 | Zot:5    | Noticed an orb of fire
 80951 | Zot:5    | Noticed an ancient lich
 80956 | Zot:5    | Killed a dread lich
 80957 | Zot:5    | Killed an orb of fire
 80966 | Zot:5    | Killed an ancient lich
 81348 | Zot:5    | Killed an orb of fire
 81396 | Zot:5    | Killed an orb of fire
 81408 | Zot:5    | Killed an orb of fire
 81750 | Zot:5    | Killed a dread lich
 81767 | Zot:5    | Gained mutation: You possess an exceptional clarity of
                  | mind. [hidden potential]
 81767 | Zot:5    | Lost mutation: You have hidden genetic potential. [hidden
                  | potential expressed]
 81797 | Zot:5    | Lost mutation: You do not regenerate when monsters are
                  | visible. [potion of mutation]
 81797 | Zot:5    | Lost mutation: You are dopey. (Int -2) [potion of mutation]
 81797 | Zot:5    | Lost mutation: You are strong-willed. (Will+) [potion of
                  | mutation]
 81797 | Zot:5    | Gained mutation: Your mind is acute. (Int +4, Str/Dex -1)
                  | [potion of mutation]
 82211 | Zot:5    | Killed a dread lich
 82215 | Zot:5    | Killed a dread lich
 82216 | Zot:5    | Noticed a dread lich
 82219 | Zot:5    | Killed a dread lich
 82473 | Zot:5    | Got the Orb of Zot
 82934 | D:1      | Noticed Seutzil the pandemonium lord
 82941 | D:1      | Killed Seutzil the pandemonium lord
 83121 | D:1      | Noticed Nafoor Hown the pandemonium lord
 83130 | D:1      | Killed Nafoor Hown the pandemonium lord
 83346 | D:1      | Reached skill level 27 in Unarmed Combat
 83454 | D:1      | Noticed Ocailew the pandemonium lord
 83460 | D:1      | Killed Ocailew the pandemonium lord
 83600 | D:1      | Noticed Gipniz the pandemonium lord
 83605 | D:1      | Killed Gipniz the pandemonium lord
 83606 | D:1      | Reached skill level 27 in Fighting
 83606 | D:1      | Lost mutation: You have a pair of small antennae on your
                  | head. [potion of mutation]
 83606 | D:1      | Lost mutation: Your flesh is cold resistant. (rC+) [potion
                  | of mutation]
 83606 | D:1      | Gained mutation: Your muscles are strong. (Str +4, Int/Dex
                  | -1) [potion of mutation]
 83609 | D:$      | Escaped with the Orb!

Illustrated notes

Levels and vault maps discovered:
D:1:      ebering_trefoil_3fold, layout_basic, minmay_rat_gold_closets
D:2:      layout_loops_cross, uniq_sigmund
D:3:      layout_basic, mainiacjoe_overflow_alcove_2, mrwooster_statue_mirror
D:4:      nicolae_cairo_tiling_very_big, layout_rooms,
          mainiacjoe_overflow_two_lobes, uniq_robin, uniq_edmund
D:5:      layout_rooms, gup_sewer_entry_bowl
D:6:      layout_cave_pods, minmay_misc_feat_ornament,
          nicolae_shop_sticking_my_neck_out
D:7:      layout_layer_cave, okawaru_ov_weapons_minmay, enter_bailey_4,
          uniq_pikel, uniq_prince_ribbit1
D:8:      layout_basic, uniq_maggie
D:9:      layout_gridville, uniq_maurice, uniq_grum
D:10:     layout_loops_cross, nemelex_spade_bored_becter, david_lair_shrubbed,
          erik_orc_1, serial_shops, nicolae_shop_bloodbath_and_beyond
D:11:     layout_roguey
D:12:     layout_grid_maze, serial_shops, nicolae_shop_peninsula, uniq_rupert,
          uniq_nessos
D:13:     layout_basic, portal_ice_cave_rime, grunt_ministairs_2
D:14:     layout_small_grid, hellmonk_vaults_order_and_chaos, serial_shops,
          shop, serial_bayou_lagoon_a, hellmonk_guarded_unrand_frostbite,
          uniq_josephine, uniq_frances, uniq_kirke
D:15:     grunt_enter_depths_hoard, layout_basic, chequers_garden
Temple:   nicolae_temple_bog_church
Lair:1:   statuecave_lemuel, layout_long_grid, kennysheep_rathole
Lair:2:   gammafunk_cloud_chamber, layout_regular_city,
          minmay_shoals_entry_lonely_mermaid, ebering_ghost_reflecting_pool,
          grunt_forest_large_clearings, infiniplex_staircase_pool_2, uniq_urug
Lair:3:   dreamdust_cave_troll, layout_gridlike,
          nicolae_spider_entry_lesser_pyramids
Lair:4:   layout_loops_ring
Lair:5:   hangedman_lair_tendril_chambers, layout_loops_ring, wormcave,
          slime_entry_1, kennysheep_snail_temple, serial_bayou_shore_b
Shoals:1: layout_shoals, nicolae_island_escapes, uniq_roxanne
Shoals:2: layout_shoals, serial_shops, shop, uniq_ilsuiw, uniq_donald
Shoals:3: gammafunk_sealed_arena, layout_shoals
Shoals:4: shoals_end_grunt_ice, layout_shoals,
          nicolae_shoals_the_drawing_of_the_three
Spider:1: layout_spider_delve, guppyfry_spider_mini_2, uniq_louise
Spider:2: layout_spider_delve, nicolae_spider_solar_radiation
Spider:3: nicolae_spider_mines_1, nicolae_orb_stairs
Spider:4: grunt_spider_rune_parallel, nicolae_spider_eight_legs, uniq_bai_suzhen
Slime:1:  layout_caves
Slime:2:  layout_caves
Slime:3:  layout_caves
Slime:4:  layout_caves
Slime:5:  slime_pit_nicolae_inversion
Orc:1:    layout_caves
Orc:2:    grunt_orc_gardens, layout_caves, grunt_orc_garden, grunt_orc_garden,
          grunt_orc_garden, grunt_orc_garden, ebering_ghost_xom
Elf:1:    layout_rooms, serial_co_window_serial, co_window_of_opportunity_a,
          co_window_paths_a, co_window_corner_a, co_window_paths_a,
          co_window_of_opportunity_a, co_window_broadway_a, co_window_cross_4,
          co_window_broadway_b, co_window_corner_cb, glass_columns_a,
          glass_columns_a, glass_columns_a, glass_columns_b, glass_columns_a,
          minmay_elf_demonology, amcnicky_mini_corridor_feature
Elf:2:    elven_hall_of_blades_hangedman_original [nicolae_blade_bullseye],
          layout_rooms
Elf:3:    grunt_elf_hall_asides, layout_loops_corners, serial_shops, shop,
          basic_altar, uniq_nikola
Vaults:1: grunt_vaults_funneled_arena, nicolae_vaults_hallways_thing,
          grunt_vaults_diagonal, v_misc_8, vaults_room_door_ring,
          vaults_dpeg_emergency_exit, nicolae_vaults_tetromino_Z_2,
          ontoclasm_vaults_ligature, hangedman_vaults_snaps,
          nicolae_vaults_trapezoid_1, hangedman_vaults_stretched_pinwheel,
          nicolae_vaults_little_squares_3, nicolae_vaults_sesquioval_fish,
          layout_vaults_omnibox, enter_trove_2, uniq_aizul, uniq_saint_roka
Vaults:2: v_misc_24, nicolae_vaults_sealed_display,
          hangedman_vaults_stretched_pinwheel, vaults_mumra_hexcomb,
          vaults_dpeg_diagonal, vaults_room_corners, nicolae_vaults_mitosis,
          nicolae_vaults_house_2, v_misc_12, st_cross, vaults_room_pools,
          layout_vaults_omnigrid, serial_shops, shop
Vaults:3: hangedman_vaults_river_flow, nicolae_vaults_gold_heap,
          hangedman_vaults_impose, nicolae_vaults_rhombus_7, v_rooms_5,
          blue_anna_dwarven_crypt, v_alt_pattern_2, vaults_room_door_ring,
          nicolae_vaults_alarming, nicolae_vaults_heist, vaults_room_fours,
          nicolae_vaults_little_squares_4, layout_vaults_big_room, serial_shops,
          shop, uniq_asterion
Vaults:4: nicolae_vaults_ellipses_ellipsis, nicolae_vaults_trapezoid_1,
          v_alt_pattern_4, dpeg_vaults_pockets_of_resistance,
          hangedman_vaults_trim, nicolae_vaults_weapon_check,
          nicolae_vaults_octothorpe, layout_vaults_maze_bifur
Vaults:5
Crypt:1:  layout_misc_corridors, st_stairs_8, grunt_crypt_arrival_webbed
Crypt:2:  layout_rooms, mu_enter_wizlab_7, basic_altar, grunt_megastairs_2,
          uniq_vv
Crypt:3:  church_of_pain_bobbens, layout_chaotic_city
Depths:1: layout_cave_pools, kennysheep_pointless_box, hell_entry,
          rand_demon_pan_entry_8, minmay_misc_feat_five, zin_treasury
Depths:2: nzn_winding_woodlands_large [nzn_winding_woodlands_5x5_three,
          nzn_winding_woodlands_5x15_river_crossing,
          nzn_winding_woodlands_5x5_open_star,
          nzn_winding_woodlands_center_garden,
          nzn_winding_woodlands_15x15_thick_spiral,
          nzn_winding_woodlands_center_triple_pond,
          nzn_winding_woodlands_5x5_perimeter, nzn_winding_woodlands_5x15_pool,
          nzn_winding_woodlands_5x5_cross], layout_small_grid,
          hangedman_abyss_entry_splay, rand_demon_pan_entry_7, hell_entry,
          dreamdust_wishing_well, bloody_trog
Depths:3: minmay_spiral_squares, layout_basic, minmay_room_of_horrors,
          pf_hell_entry_tar_spiral, serial_glass, glass_columns_a,
          glass_columns_a, nicolae_vehumet_altar_sigil
Depths:4: grunt_zot_entry_alcove, layout_cave_pools, enter_ziggurat_b,
          grunt_gozag_breadcrumbs, grunt_hell_entry_dis_grunt
Zot:1:    layout_cellular_growth
Zot:2:    dreamdust_black_sun_cult, layout_basic, bh_zot_lava_cross,
          grunt_megastairs_1, uniq_josephina
Zot:3:    layout_gridville, hangedman_zot_gyre
Zot:4:    gammafunk_its_a_trap, layout_basic, nzn_ghost_randoct, uniq_parghit
Zot:5:    layout_gridlike

Skill      XL: |  1  2  3  4  5  6  7  8  9 10 11 12 13 14 15 16 17 18 19 20 21 22 23 24 25 26 27 |
---------------+----------------------------------------------------------------------------------+-----
Unarmed Combat | 2 3 4 5 6 8 10 11 12 14 16 17 18 19 20 21 22 23 24 27 | 27.0
Fighting       | 3 4 5 6 7 8 10 11 13 14 15 16 17 18 19 22 23 27 | 27.0
Evocations     | 1 2 3 4 5 6 8 9 10 11 13 | 13.3
Dodging        | 1 2 3 4 6 7 9 10 11 12 13 14 15 17 19 20 | 20.4
Armour         | 3 4 6 8 9 10 11 12 13 | 13.3
Shapeshifting  | 2 10 11 12 14 18 20 21 22 | 22.7
Shields        | 4 5 |  5.9
Translocations | 7 10 12 | 12.7
Spellcasting   | 6 7 |  7.7
Air Magic      | 4 6 7 |  7.7

Action                     |  1- 3 |  4- 6 |  7- 9 | 10-12 | 13-15 | 16-18 | 19-21 | 22-24 | 25-27 || total
---------------------------+-------+-------+-------+-------+-------+-------+-------+-------+-------++-------
  Melee: Unarmed           |   142 |   278 |   169 |   650 |  1332 |  1573 |  1596 |  1723 |  2298 ||  9761
         Punch             |       |       |       |       |       |   103 |   277 |    66 |    88 ||   534
         Bite              |       |       |       |       |       |       |       |    32 |    68 ||   100
         Tailslap          |       |       |       |       |       |       |       |    41 |   102 ||   143
         Kick              |       |       |       |       |       |       |       |       |    67 ||    67
  Throw: Stone             |     1 |     4 |       |       |       |       |       |       |       ||     5
         Throwing net      |       |     1 |       |       |       |       |     1 |       |       ||     2
         Dart              |       |       |    11 |    21 |    13 |       |     1 |     1 |     3 ||    50
         Boomerang         |       |       |     1 |    75 |    26 |       |     7 |    49 |     3 ||   161
         Javelin           |       |       |       |       |    15 |       |       |       |       ||    15
   Cast: Blink             |       |       |       |       |       |       |       |     3 |     4 ||     7
         Vhi's Electric Ch |       |       |       |       |       |       |       |     3 |   143 ||   146
         Lesser Beckoning  |       |       |       |       |       |       |       |     2 |    62 ||    64
         Manifold Assault  |       |       |       |       |       |       |       |       |   181 ||   181
Ability: Begin Untransform |       |       |       |       |       |     1 |     3 |     3 |     9 ||    16
         Breathe Fire      |       |       |       |       |       |       |       |     7 |     2 ||     9
  Evoke: Wand              |       |       |    41 |    13 |    26 |    18 |     5 |    51 |    22 ||   176
         Sack of spiders   |       |       |       |       |       |       |     1 |     1 |     2 ||     4
         Phantom mirror    |       |       |       |       |       |       |       |       |     6 ||     6
    Use: Potion            |     1 |     4 |     3 |       |     8 |    14 |    10 |    20 |    59 ||   119
         Scroll            |       |     7 |     5 |     3 |    12 |    19 |    11 |    12 |    34 ||   103
   Stab: Invisible         |       |     2 |       |       |     4 |     9 |       |     2 |     2 ||    19
         Held in net/web   |       |     1 |       |       |       |       |       |       |       ||     1
         Distracted        |       |       |     1 |     1 |       |     1 |     1 |       |     1 ||     5
         Sleeping          |       |       |     1 |     6 |       |       |       |       |       ||     7
 Armour: Scale mail        |    56 |   142 |       |       |       |       |       |       |       ||   198
         Ring mail         |       |    43 |    89 |   338 |   257 |       |       |       |       ||   727
         Chain mail        |       |       |       |       |   515 |  1217 |   625 |   946 |   220 ||  3523
         Skin              |       |       |       |       |       |       |   377 |   181 |  1248 ||  1806
  Dodge: Dodged            |    41 |   152 |    59 |   321 |   731 |  1307 |  1342 |   914 |   854 ||  5721
  Block: Buckler           |    16 |    62 |    35 |    99 |   248 |   197 |       |   274 |   334 ||  1265
         Other             |       |       |       |       |       |       |       |       |    55 ||    55
         Reflection        |       |       |       |       |       |       |       |       |    14 ||    14
         Tower shield      |       |       |       |       |       |       |       |       |   400 ||   400
   Form: Blade             |       |       |       |       |       |     1 |       |       |       ||     1
         Anaconda          |       |       |       |       |       |       |     1 |       |       ||     1
         Statue            |       |       |       |       |       |       |     2 |       |     4 ||     6
         Dragon            |       |       |       |       |       |       |       |     3 |     6 ||     9

Table legend: (Time is in decaauts)
 A = Elapsed time spent in this place.
 B = Non-inter-level travel time spent in this place.
 C = Inter-level travel time spent in this place.
 D = Time resting spent in this place.
 E = Time spent auto-exploring this place.
 F = Levels seen in this place.
 G = Mean time per level.
                   A        B        C        D        E       F      G
               +--------+--------+--------+--------+--------+-----+--------+
         Total |  84429 |  78161 |   6268 |  17207 |  32643 |  87 |  970.4 |
       Dungeon |  18763 |  16591 |   2172 |   3714 |   8236 |  15 | 1250.9 |
        Temple |      1 |      1 |      0 |      0 |      0 |   1 |    1.0 |
          Lair |   8123 |   7169 |    954 |   1598 |   3491 |   5 | 1624.6 |
        Shoals |   4717 |   4413 |    304 |    619 |   2063 |   4 | 1179.2 |
   Spider Nest |   7013 |   6724 |    289 |   2771 |   1991 |   4 | 1753.2 |
    Slime Pits |   1300 |   1186 |    114 |    180 |      0 |   5 |  260.0 |
  Orcish Mines |   1841 |   1650 |    191 |    475 |    329 |   2 |  920.5 |
   Elven Halls |   3866 |   3651 |    215 |    556 |   2089 |   3 | 1288.7 |
        Vaults |   7429 |   6586 |    843 |    513 |   3584 |   5 | 1485.8 |
         Crypt |   4094 |   3952 |    142 |    167 |   2268 |   3 | 1364.7 |
        Depths |   6356 |   5652 |    704 |   1262 |   2404 |   4 | 1589.0 |
           Zot |   5782 |   5446 |    336 |   1117 |   2421 |   5 | 1156.4 |
         Abyss |   2089 |   2089 |      0 |    444 |    346 |   5 |  417.8 |
   Pandemonium |  11359 |  11359 |      0 |   3394 |   3316 |  20 |  568.0 |
      Ziggurat |     42 |     42 |      0 |      0 |      0 |   2 |   21.0 |
         Trove |     43 |     43 |      0 |      0 |      0 |   1 |   43.0 |
         Sewer |    153 |    153 |      0 |     22 |      0 |   1 |  153.0 |
        Bailey |    891 |    891 |      0 |    370 |     21 |   1 |  891.0 |
        Wizlab |    560 |    560 |      0 |      0 |     82 |   1 |  560.0 |
               +--------+--------+--------+--------+--------+-----+--------+

Top non-repeatable levels by time:
Depths:3: 2565 daAuts
  Lair:5: 2509 daAuts
    D:10: 2468 daAuts
Depths:2: 1952 daAuts
Spider:2: 1928 daAuts
   Elf:3: 1917 daAuts
Spider:4: 1914 daAuts
Spider:3: 1875 daAuts
Vaults:1: 1865 daAuts
    D:13: 1831 daAuts
     D:1: 1700 daAuts
   Zot:5: 1661 daAuts
 Crypt:3: 1655 daAuts
  Lair:1: 1636 daAuts
    D:12: 1550 daAuts
